 Dungeon Crawl Stone Soup version 0.24.0-2-g5b39cebb1c (webtiles) character file.

Game seed: 6514777619814063503, levelgen mode: deterministic

39 Mrkan the Skirmisher (level 3, -1/33 HPs)
             Began as a Hill Orc Fighter on Oct 31, 2019.
             Killed from afar by an orc wizard (8 damage)
             ... with a magic dart
             ... on level 2 of the Dungeon.
             The game lasted 00:01:31 (1088 turns).

Mrkan the Skirmisher (Hill Orc Fighter)             Turns: 1088, Time: 00:01:32

Health: -1/33      AC: 10    Str: 18    XL:     3   Next: 45%
Magic:  3/3        EV:  7    Int:  8    God:
Gold:   121        SH:  9    Dex: 11    Spells: 2/2 levels left

rFire    . . .     SeeInvis .   a - +0 war axe
rCold    . . .     Gourm    .   c - +0 shield
rNeg     . . .     Faith    .   b - +0 scale mail
rPois    .         Spirit   .   h - +2 helmet
rElec    .         Reflect  .   (no cloak)
rCorr    .         Harm     .   (no gloves)
MR       .....                  (no boots)
Stlth    ..........             (no amulet)
HPRegen  0.11/turn              (no ring)
MPRegen  0.08/turn              (no ring)

@: no status effects
A: no striking features
a: no special abilities


You were on level 2 of the Dungeon.
You were hungry.

You visited 1 branch of the dungeon, and saw 2 of its levels.

You collected 121 gold pieces.

Inventory:

Hand Weapons
 a - a +0 war axe (weapon)
Armour
 b - a +0 scale mail (worn)
 c - a +0 shield (worn)
 h - a +2 helmet (worn)
Jewellery
 p - an uncursed ring of flight {unknown}
Wands
 o - a wand of random effects (26)
Scrolls
 e - 3 scrolls of identify {unknown}
 g - 2 scrolls of remove curse {unknown}
 j - a scroll of noise {unknown}
 l - a scroll of immolation {unknown}
Potions
 d - a potion of might
 i - a potion of mutation {unknown}
 k - 3 potions of curing {unknown}
 m - a potion of heal wounds {unknown}
Comestibles
 f - 4 rations
 n - 3 chunks of flesh


   Skills:
 + Level 4.0 Fighting
 * Level 3.8 Axes
 + Level 3.6 Armour
 + Level 3.6 Shields


You had 2 spell levels left.
You didn't know any spells.
Your spell library was empty.

Dungeon Overview and Level Annotations

Branches:
Dungeon (2/15)

Altars:


Message History

a +0 flail; a +0 leather armour You closely miss the orc wizard.
You hit the orc wizard. You completely miss the orc.
The orc wizard hits you but does no damage.
The orc hits you but does no damage. The orc wizard casts a spell at you.
The puff of flame hits you!
* * * LOW HITPOINT WARNING * * *
Okay, then.
The orc hits you but does no damage.
The orc wizard gestures at you while chanting.
You resist with significant effort.
The orc wizard mumbles some strange words.
The orc wizard flickers and vanishes!
Deactivating autopickup; reactivate with Ctrl-A.
The orc wizard points at you and mumbles some strange words.
You resist with significant effort. The orc wizard casts a spell at you.
The magic dart hits you!
You die...

#####..♣
♣♣♣_.♣♣###
#..♣♣♣♣♣♣♣♣
#.)♣♣..♣♣♣♣♣
#............
##.#...###### .
#.#.### ...
#...# .
.....#####..###
?.
....<..@..o.o.#
..
.....########.##
.# ...
#..####.##.# .
##o........#
#..)......#
#...$......
#..........#
#..#........#
..>#....).....


You could see an orc wizard and an orc.

Vanquished Creatures
  An adder (D:2)
  2 dart slugs
  An orc (D:2)
  A ball python (D:1)
  4 giant cockroaches
  4 hobgoblins
  2 bats
  2 frilled lizards
  2 goblins (D:1)
  2 kobolds (D:1)
  3 rats (D:1)
24 creatures vanquished.

Notes
Turn   | Place    | Note
-------+----------+-------------------------------------------
     0 | D:1      | Mrkan the Hill Orc Fighter began the quest for the Orb.
     0 | D:1      | Reached XP level 1. HP: 19/19 MP: 1/1
   146 | D:1      | Reached XP level 2. HP: 23/27 MP: 2/2
   902 | D:2      | Reached XP level 3. HP: 33/33 MP: 3/3
   946 | D:2      | Found a faded altar of an unknown god.
  1067 | D:2      | Reached skill level 4 in Fighting
  1088 | D:2      | Killed from afar by an orc wizard

Levels and vault maps discovered:
D:1:      minmay_arrival_radiant_lines, layout_basic, chequers_avenue,
          corexii_corridor_pit
D:2:      layout_rooms, chequers_ecumenical_altar_grove, first_ration

Skill      XL: |  1  2  3 |
---------------+----------+-----
Axes           | 3 |  3.8
Fighting       | 4 |  4.0
Armour         | |  3.6
Shields        | |  3.6

Action                   || total
-------------------------++-------
Melee: War axe           ||    69
Armor: Scale mail        ||    47
Dodge: Dodged            ||    23
Block: Shield            ||    35
